 Dungeon Crawl Stone Soup version 0.26.1-2-gb8aa6d0cf2 (webtiles) character file.

Game seed: 10866104341466085413

7583 comborobin the Cleaver (level 10, -7/96 HPs)
             Began as a Palentonga Monk on Feb 28, 2021.
             Was a High Priest of Okawaru.
             Mangled by a two-headed ogre
             ... wielding a +0 giant spiked club
              (10 damage)
             ... on level 9 of the Dungeon.
             The game lasted 00:10:39 (13727 turns).

comborobin the Cleaver (Palentonga Monk)           Turns: 13727, Time: 00:10:39

Health: -7/96      AC: 16    Str: 17    XL:     10   Next: 97%
Magic:  16/16      EV: 12    Int: 11    God:    Okawaru [*****.]
Gold:   460        SH:  0    Dex: 19    Spells: 9/9 levels left

rFire    . . .     SeeInvis +   b - +2 battleaxe
rCold    + . .     Faith    +   (shield currently unavailable)
rNeg     . . .     Spirit   .   A - +0 acid dragon scales
rPois    .         Reflect  .   (no helmet)
rElec    .         Harm     .   y - +0 cloak
rCorr    +         Rampage  .   d - +0 pair of gloves
Will     .....                  (no barding)
Stlth    ++........             B - amulet of faith
HPRegen  0.26/turn              G - ring of protection from cold
MPRegen  0.15/turn              r - +6 ring of dexterity

@: curled up
A: large, rugged brown scales 3, see invisible, deformed body, roll 1, armoured
tail, reflexive curl
a: Rolling Charge, Renounce Religion, Heroism, Finesse


You were on level 9 of the Dungeon.
You worshipped Okawaru.
Okawaru was extremely pleased with you.
You visited 1 branch of the dungeon, and saw 10 of its levels.
You also visited: Sewer.

You collected 460 gold pieces.

Inventory:

Hand Weapons
 a - a +5 hand axe
 b - a +2 battleaxe (weapon)
 g - a +3 mace
 k - a +0 hand axe
Armour
 d - a +0 pair of gloves (worn)
 i - a +4 plate armour
 x - a +0 leather armour of cold resistance
 y - a +0 cloak (worn)
 A - +0 acid dragon scales (worn)
 F - a +0 robe
 K - a +0 troll leather armour
Jewellery
 c - an uncursed ring of magical power
 h - an uncursed ring of magical power
 r - a +6 ring of dexterity (right hand)
 v - an uncursed amulet of reflection
 B - an amulet of faith (around neck)
 G - a ring of protection from cold (left hand)
 N - an uncursed ring of resist corrosion {unknown}
Wands
 o - a wand of iceblast (24)
 t - a wand of acid (20)
 u - a wand of flame (27)
 z - a wand of random effects (27)
 E - a wand of paralysis (6)
 I - a wand of enslavement (9)
Scrolls
 m - 5 scrolls of remove curse
 n - 7 scrolls of teleportation
 q - 2 scrolls of identify
 C - a scroll of summoning
 M - a scroll of magic mapping
 O - a scroll of immolation
Potions
 e - 5 potions of curing
 f - 2 potions of ambrosia
 j - a potion of degeneration {unknown}
 p - a potion of resistance {unknown}
 s - a potion of attraction
 w - a potion of lignification
 D - a potion of cancellation {unknown}
 H - 2 potions of invisibility {unknown}
 J - 2 potions of heal wounds {unknown}
 L - a potion of berserk rage {unknown}
 P - a potion of mutation {unknown}


   Skills:
 + Level 8.9 Fighting
 + Level 10.5(10.8) Axes
 - Level 3.4(7.6) Maces & Flails
 * Level 3.0 Armour
 - Level 4.8 Dodging
 - Level 1.2 Stealth
 + Level 8.5 Invocations


You had 9 spell levels left.
You didn't know any spells.
Your spell library contained the following spells:

 Spells                   Type           Power        Failure   Level
 Apportation              Tloc           0%           43%         1
 Corona                   Hex            0%           43%         1
 Sting                    Tmut/Pois      0%           43%         1
 Slow                     Hex            0%           56%         2
 Inner Flame              Hex/Fire       0%           80%         3
 Lesser Beckoning         Tloc           0%           80%         3
 Portal Projectile        Hex/Tloc       0%           80%         3
 Tukima's Dance           Hex            0%           80%         3
 Cause Fear               Hex            0%           99%         4
 Leda's Liquefaction      Hex/Erth       0%           99%         4
 Alistair's Intoxication  Tmut/Pois      0%           100%        5
 Invisibility             Hex            0%           100%        6


Dungeon Overview and Level Annotations

Branches:
Dungeon (10/15)            Temple (0/1) D:6            Lair (0/6) D:9
  Sewer (visited)
    Orc: D:9-12

Altars:
Ashenzari
Dithmenos
Elyvilon
Nemelex Xobeh
Okawaru
Ru
Sif Muna
Trog
The Shining One

Shops:
D:4 [

Annotations:
D:9 3 runed translucent doors, exclusion: 3 doors, Gadfly's ghost, novice TrAr; Gadfly's ghost, novice TrDe


Innate Abilities, Weirdness & Mutations

You are completely covered in rugged brown scales. (AC +3, +7% HP)
You have supernaturally acute eyesight. (SInv)
Armour fits poorly on your strangely shaped body.
You can roll at nearby foes to attack.
You have a long armoured tail.
You curl defensively after being hit.


Message History

You hit the sky beast.
The sky beast is almost dead.
The sky beast closely misses you.
You barely miss the sky beast.
The sky beast is almost dead.
The sky beast misses you.
You slice the sky beast!!
You kill the sky beast!
Okawaru accepts your kill.
You slice the two-headed ogre!!
You tail-slap the two-headed ogre, but do no damage.
The two-headed ogre is moderately wounded.
The two-headed ogre completely misses you.
The two-headed ogre hits you with a cursed -3 giant club!
You hit the two-headed ogre but do no damage.
The two-headed ogre is moderately wounded.
The two-headed ogre hits you with a +0 giant spiked club!!
* * * LOW HITPOINT WARNING * * *
The two-headed ogre hits you with a cursed -3 giant club!
You die...

#.()..............[..........
#...).........>...)).........
#.).(.(...........).)........
######'###...........(.......
#..# ##.......#######'###
###.## #.......# #...# #...#
##.....##########.#
##'#########...###..........
#.....)...O@..## #..........
#.........###### #..........
#........##.##.###..........
#.......##.#.##.............
#......##.###.####..........
#..>..##...#...###.<........
#.....#..#...#..##..........
#....##.###.###.##..........
######...#.).#...##.........


You could see a two-headed ogre.

Vanquished Creatures
  A two-headed ogre (D:9)
  An unseen horror (D:7)
  Maggie (D:6)
  2 trolls (D:9)
  Prince Ribbit (D:6)
  A yak (D:9)
  3 vampire mosquitoes (D:8)
  3 wargs (D:9)
  A soldier ant (D:8)
  2 black bears
  4 sky beasts
  2 ice beasts
  4 orc warriors
  7 ogres
  A phantom (D:7)
  4 centaurs
  A big kobold (D:9)
  4 bullfrogs
  2 gnoll sergeants
  A scorpion (D:7)
  6 killer bees
  6 wights
  2 howler monkeys
  A crimson imp (D:8)
  2 jellies
  A bullfrog skeleton (D:7)
  A bullfrog zombie (D:9)
  4 hounds
  4 orc priests
  Crazy Yiuf (D:6)
  9 orc wizards
  4 worker ants
  2 worker ant zombies
  10 gnolls
  16 adders
  A river rat (D:4)
  2 shadow imps
  5 white imps
  13 oozes
  4 adder zombies
  4 adder skeletons
  5 worms
  4 dart slugs
  13 leopard geckos
  27 orcs
  18 giant cockroaches
  3 hobgoblins
  8 jackals
  A quokka (D:7)
  15 ball pythons
  3 bats
  15 frilled lizards
  5 goblins
  9 kobolds
  A quokka zombie (D:7)
  6 rats
277 creatures vanquished.

Vanquished Creatures (others)
  8 plants (D:7)
8 creatures vanquished.

Grand Total: 285 creatures vanquished

Notes
Turn   | Place    | Note
-------+----------+-------------------------------------------
     0 | D:1      | comborobin the Palentonga Monk began the quest for the Orb.
     0 | D:1      | Reached XP level 1. HP: 20/20 MP: 1/1
   884 | D:1      | Reached XP level 2. HP: 25/27 MP: 2/2
  1793 | D:2      | Reached skill level 4 in Axes
  2139 | D:2      | Reached XP level 3. HP: 30/33 MP: 3/3
  2285 | D:2      | Found a bloodstained altar of Trog.
  2491 | D:2      | Found a shimmering blue altar of Sif Muna.
  2595 | D:2      | Identified Sif Muna's Catalogue of Toxins
  2615 | D:2      | Reached skill level 1 in Maces & Flails
  2751 | D:2      | Found a glowing golden altar of the Shining One.
  2760 | D:2      | Found a white marble altar of Elyvilon.
  2774 | D:2      | Found a sacrificial altar of Ru.
  2872 | D:2      | Reached XP level 4. HP: 40/40 MP: 4/4
  3511 | D:3      | Reached XP level 5. HP: 46/48 MP: 5/5
  3691 | D:3      | Found an iron altar of Okawaru.
  3716 | D:3      | Became a worshipper of Warmaster Okawaru
  3716 | D:3      | Reached * piety under Okawaru
  3716 | D:3      | Reached ** piety under Okawaru
  4295 | D:4      | Noticed an ogre
  4302 | D:4      | Killed an ogre
  4303 | D:4      | Reached skill level 5 in Axes
  4417 | D:4      | Found Atavont's Armour Shop.
  4441 | D:4      | Reached XP level 6. HP: 47/54 MP: 6/6
  4725 | D:4      | Reached skill level 6 in Axes
  4824 | D:4      | Found a glowing drain.
  4844 | Sewer    | Entered a sewer
  5484 | Sewer    | Gained mutation: You curl defensively after being hit.
                  | [Palentonga growth]
  5484 | Sewer    | Reached XP level 7. HP: 58/60 MP: 7/7
  5500 | Sewer    | Reached skill level 7 in Axes
  5814 | D:4      | Reached skill level 1 in Invocations
  6025 | D:5      | Entered Level 5 of the Dungeon
  6155 | D:5      | Found a broken altar of Ashenzari.
  6707 | D:6      | Reached *** piety under Okawaru
  6718 | D:6      | Found a staircase to the Ecumenical Temple.
  7122 | D:6      | Found a runed translucent door.
  7123 | D:6      | Noticed Crazy Yiuf
  7223 | D:6      | Killed Crazy Yiuf
  7224 | D:6      | Reached XP level 8. HP: 69/71 MP: 8/10
  7302 | D:6      | Noticed Maggie
  7316 | D:6      | Killed Maggie
  7317 | D:6      | Reached skill level 5 in Fighting
  7317 | D:6      | Reached skill level 8 in Axes
  7490 | D:6      | Noticed Prince Ribbit
  7505 | D:6      | Killed Prince Ribbit
  7847 | D:6      | Found a shadowy altar of Dithmenos.
  8032 | D:6      | Reached skill level 5 in Invocations
  8035 | D:6      | Reached **** piety under Okawaru
  8604 | D:6      | Reached XP level 9. HP: 42/83 MP: 12/12
  9133 | D:7      | Reached skill level 9 in Axes
  9910 | D:7      | Noticed an unseen horror
  9941 | D:7      | Killed an unseen horror
  9941 | D:7      | Reached ***** piety under Okawaru
  9974 | D:7      | Received a gift from Okawaru
 10501 | D:8      | Found a sparkling altar of Nemelex Xobeh.
 10593 | D:8      | Reached XP level 10. HP: 62/94 MP: 13/15
 11418 | D:8      | Reached skill level 10 in Axes
 11667 | D:9      | Found a runed translucent gate.
 11667 | D:9      | Found a runed translucent gate.
 11668 | D:9      | Found a runed translucent gate.
 11674 | D:9      | Noticed Gadfly's ghost (novice TrAr)
 11675 | D:9      | Noticed Gadfly's ghost (novice TrDe)
 11865 | D:9      | Found a staircase to the Lair.
 11873 | D:9      | Received a gift from Okawaru
 12395 | D:9      | Reached skill level 1 in Armour
 12953 | D:9      | Noticed a two-headed ogre
 12967 | D:9      | Killed a two-headed ogre
 13374 | D:10     | Entered Level 10 of the Dungeon
 13374 | D:10     | Noticed a two-headed ogre
 13727 | D:9      | HP: 3/96 [two-headed ogre/+0 giant spiked club (26)]
 13727 | D:9      | Mangled by a two-headed ogre

Illustrated notes

Levels and vault maps discovered:
D:1:      lightli_arrival_windingriver, layout_basic, minmay_misc_feat_doors
D:2:      layout_rooms, nzn_overflow_gifts_of_might_and_magic,
          minmay_overflow_temple_star_quad, minmay_misc_feat_more_columns,
          minmay_misc_feat_columns
D:3:      layout_basic, okawaru_ov_weapons_minmay
D:4:      layout_rooms, portal_sewer_entry_a, serial_shops, nicolae_shop_trees,
          hangedman_abyss_or_decor_slice
D:5:      layout_cave_pools, ashenzari_altar_1
D:6:      minmay_diamond_boxcup, layout_basic, grunt_dithmenos_shadows,
          minmay_temple_entry_grid, uniq_maggie, uniq_prince_ribbit1,
          uniq_crazy_yiuf_cottage
D:7:      nzn_winding_woodlands_three_and_one [nzn_winding_woodlands_5x15_cabin,
          nzn_winding_woodlands_5x15_concentric,
          nzn_winding_woodlands_5x15_jagged,
          nzn_winding_woodlands_center_garden], layout_basic
D:8:      layout_basic, nemelex_altar_shiori, minmay_fire_ice_demons
D:9:      layout_roguey, erik_lair_orcish_takeover, gammafunk_ghost_cemetery,
          minmay_misc_feat_pillars, kennysheep_kite_vault
D:10:     layout_long_grid

Skill      XL: |  1  2  3  4  5  6  7  8  9 10 |
---------------+-------------------------------+-----
Axes           | 4 5 6 7 8 9 10 | 10.5
Maces & Flails | 1 3 |  3.4
Fighting       | 4 6 7 8 |  8.9
Invocations    | 2 5 7 8 |  8.5
Dodging        | 4 |  4.8
Armour         | 3 |  3.0
Stealth        | |  1.2

Action                   |  1- 3 |  4- 6 |  7- 9 | 10-12 || total
-------------------------+-------+-------+-------+-------++-------
Melee: Hand axe          |   101 |   152 |   302 |    40 ||   595
       Tailslap          |    12 |    28 |    65 |    27 ||   132
       Mace              |    11 |    75 |       |       ||    86
       Battleaxe         |       |       |       |   144 ||   144
Invok: Heroism           |       |       |     4 |     3 ||     7
 Abil: Rolling Charge    |    14 |       |       |     2 ||    16
  Use: Potion            |       |     1 |     5 |     2 ||     8
       Scroll            |       |     7 |     5 |     3 ||    15
 Stab: Distracted        |     1 |       |       |       ||     1
       Sleeping          |       |     2 |     6 |       ||     8
Armor: Robe              |    24 |    66 |     9 |       ||    99
       Acid dragon scale |       |       |    74 |   102 ||   176
       Skin              |       |       |       |    37 ||    37
Dodge: Dodged            |    38 |   123 |   117 |   191 ||   469
Block: Other             |       |       |    18 |       ||    18
